 Dungeon Crawl Stone Soup version 0.30-a0-1160-g6e42c06551 (webtiles) character file.

Game seed: 10817421260194509382

190 Anamonty the Stinger (level 5, 0/31 HPs)
             Began as an Octopode Venom Mage on Apr 26, 2023.
             Slain by a kobold brigand
             ... wielding a +0 dagger
              (6 damage)
             ... in a sewer.
             The game lasted 00:04:14 (2272 turns).

Anamonty the Stinger (Octopode Venom Mage)          Turns: 2272, Time: 00:04:14

Health: 0/31       AC:  1    Str:  9    XL:     5   Next: 69%
Magic:  6/9        EV: 14    Int: 17    God:
Gold:   89         SH:  0    Dex: 13    Spells: 2/10 levels left

rFire   . . .        g - +0 short sword
rCold   . . .        (no shield)
rNeg    . . .        (helmet restricted)
rPois   .            e - amulet of magic regeneration
rElec   .            (no ring)
rCorr   .            (no ring)
SInv    .            (no ring)
Will    .....        (no ring)
Stlth   +++          (no ring)
HPRegen 0.25/turn    (no ring)
MPRegen 0.51/turn    (no ring)
                     (no ring)

%: no passive effects
@: radiating poison
A: almost no armour, amphibious, 8 rings, camouflage 1, gelatinous body 1,
(nimble swimmer 1), tentacles
a: no special abilities


You were in a sewer.
You visited 1 branch of the dungeon, and saw 3 of its levels.
You also visited: Sewer.

You collected 111 gold pieces.
You spent 22 gold pieces at shops.

Inventory:

Hand Weapons
 g - a +0 short sword (weapon)
Jewellery
 e - an amulet of magic regeneration (around mantle)
 k - a ring of see invisible
Scrolls
 d - 5 scrolls of identify
 f - 2 scrolls of poison
 l - a scroll of teleportation {unknown}
 m - 2 scrolls of fear {unknown}
 n - a scroll of enchant weapon {unknown}
 o - a scroll of enchant armour {unknown}
Potions
 a - 2 potions of magic
 b - 6 potions of curing
 c - 3 potions of brilliance
 h - 2 potions of cancellation
 i - 3 potions of mutation
 j - 2 potions of haste
 p - a potion of might {unknown}
 q - a potion of degeneration {unknown}


   Skills:
 + Level 3.2 Dodging
 - Level 2.6 Stealth
 + Level 3.1 Spellcasting
 - Level 1.0 Transmutations
 * Level 5.9 Poison Magic


You had 2 spell levels left.
You knew the following spells:

 Your Spells              Type           Power      Damage    Failure   Level
a - Sting                 Tmut/Pois      56%        1d5       4%          1
b - Olgreb's Toxic Radia  Pois           22%        N/A       16%         4
c - Mephitic Cloud        Conj/Pois/Air  9%         N/A       24%         3

Your spell library contained the following spells:

 Spells                   Type           Power      Damage    Failure   Level
 Poisonous Vapours        Pois/Air       24%        N/A       8%          2
 Beastly Appendage        Tmut           12%        N/A       12%         1
 Apportation              Tloc           4%         N/A       17%         1
 Necrotise                Necr           8%         1d4       17%         1
 Summon Small Mammal      Summ           8%         N/A       17%         1
 Wereblood                Tmut           6%         N/A       17%         2
 Spider Form              Tmut/Pois      14%        N/A       13%         3
 Stone Arrow              Conj/Erth      4%         3d7       45%         3
 Lehudib's Crystal Spear  Conj/Erth      1%         10d2      100%        8
 Animate Armour           Summ/Erth      Unusable   N/A       N/A         4

Dungeon Overview and Level Annotations

Branches:
Dungeon (3/15)              Sewer (1/1)

Altars:

Shops:
D:1 *


Innate Abilities, Weirdness & Mutations

You cannot wear most types of armour.
You are amphibious.
You can wear up to eight rings at the same time.
Your skin changes colour to match your surroundings (Stealth+).
Your rubbery body absorbs attacks. (AC +1, EV +1)
((You are camouflaged when in or above water. (Stealth+)))
You have tentacles for arms and can constrict up to eight enemies at once.


Message History

The kobold brigand appears confused.
You feel sick.
The kobold brigand is engulfed in noxious fumes.
The kobold brigand appears confused.
You feel sick.
The kobold brigand hits you with a +0 dagger.
You hit the kobold brigand but do no damage.
You grab the kobold brigand. You constrict the kobold brigand.
You feel sick.
The kobold brigand hits you with a +0 dagger.
You are too injured to fight recklessly!
You hit the kobold brigand but do no damage.
You squeeze the kobold brigand, but do no damage.
You constrict the kobold brigand.
You feel sick.
The kobold brigand hits you with a +0 dagger.
* * * LOW HITPOINT WARNING * * *
You hit the kobold brigand but do no damage.
You tentacle-slap the kobold brigand, but do no damage.
The kobold brigand is lightly wounded.
You constrict the kobold brigand, but do no damage.
You feel sick.
You are no longer poisoned.
The kobold brigand hits you with a +0 dagger!
* * * LOW HITPOINT WARNING * * *
You feel better.
You constrict the kobold brigand. The kobold brigand barely misses you.
Casting: Mephitic Cloud (quite dangerous; 24% risk of failure)
Confirm with . or Enter, or press ? or * to list all spells.
The spell is extremely dangerous to miscast (16% risk of failure)!
Continue anyway?
You begin to radiate toxic energy.
The kobold brigand is poisoned.
You constrict the kobold brigand.
The kobold brigand hits you with a +0 dagger.
* * * LOW HITPOINT WARNING * * *
Unknown command.
Unknown command.
Unknown command.
You hit the kobold brigand but do no damage.
The kobold brigand is moderately wounded.
You constrict the kobold brigand.
The kobold brigand hits you with a +0 dagger.
You die...

## ###.# ##~..#
#.?~.# ~. #.K.# ~.~
#@# #~# #.# #~# #.#
#~# #.# ##~## ##.##
# ##..~## ##~~.##
#####~...~####.....#
≈≈≈≈≈~...~≈≈≈≈~~†..#
#####~~~..####~....#


You could see a kobold brigand (confused, poisoned).

Vanquished Creatures
  A kobold brigand (Sewer)
  Jessica (D:2)
  2 adders
  A river rat (D:3)
  2 worms
  2 dart slugs
  3 endoplasms
  4 giant cockroaches (D:1)
  9 goblins
  7 hobgoblins
  6 kobolds
  2 quokkas
  7 ball pythons
  7 bats
  2 frilled lizards (D:1)
  6 rats (D:1)
62 creatures vanquished.

Notes
Turn   | Place    | Note
-------+----------+-------------------------------------------
     0 | D:1      | Anamonty the Octopode Venom Mage began the quest for the
                  | Orb.
     0 | D:1      | Reached XP level 1. HP: 11/11 MP: 3/3
   213 | D:1      | Reached skill level 4 in Poison Magic
   213 | D:1      | Reached XP level 2. HP: 15/17 MP: 5/5
   313 | D:1      | Found Utac's Assorted Antiques.
   322 | D:1      | Bought a scroll labelled SOGIMN KIKE for 22 gold pieces
   323 | D:1      | Found a faded altar of an unknown god.
   651 | D:1      | Reached XP level 3. HP: 10/21 MP: 6/6
  1204 | D:2      | Noticed Jessica
  1324 | D:2      | Killed Jessica
  1325 | D:2      | Reached skill level 5 in Poison Magic
  1325 | D:2      | Reached XP level 4. HP: 27/27 MP: 7/7
  1938 | D:2      | Learned a level 4 spell: Olgreb's Toxic Radiance
  1942 | D:2      | Learned a level 3 spell: Mephitic Cloud
  2063 | D:3      | Found a glowing drain.
  2075 | D:3      | Reached XP level 5. HP: 31/31 MP: 9/9
  2079 | Sewer    | Entered a sewer
  2116 | Sewer    | Noticed a kobold brigand
  2129 | Sewer    | Killed a kobold brigand
  2260 | Sewer    | Noticed a kobold brigand
  2269 | Sewer    | HP: 1/31 [kobold brigand/+0 dagger (7)]
  2272 | Sewer    | Slain by a kobold brigand

Illustrated notes

Levels and vault maps discovered:
D:1:      dpeg_arrival_short_road, layout_loops_ring, serial_shops, shop,
          hellmonk_ecumenical_altar_crossroads, minmay_tromino_v7
D:2:      layout_rooms, serial_co_window_serial, co_window_of_opportunity_a,
          co_window_corner_a, co_window_corner_a, co_window_corner_a,
          co_window_of_opportunity_a, co_window_corner_b,
          co_window_unsneaky_path_e, co_window_corner_ca, co_window_corner_b,
          co_window_of_opportunity_b, co_window_broadway_c, co_window_paths_e,
          co_window_paths_d, glass_columns_a, glass_columns_b, glass_columns_c,
          uniq_jessica
D:3:      layout_basic, nicolae_hepliaklqana_monster_ancestors,
          mainiacjoe_overflow_small_starburst, ebering_ghost_sewer_f,
          cheibrodos_sewer_entry_sluice, minivault_5, uniq_ijyb
Sewer:    sewer_co_15_rooms

Skill      XL: |  1  2  3  4  5 |
---------------+----------------+-----
Poison Magic   | 4 5 |  5.9
Dodging        | 3 |  3.2
Spellcasting   | 3 |  3.1
Stealth        | |  2.6
Transmutations | |  1.0

Action                     |  1- 3 |  4- 6 || total
---------------------------+-------+-------++-------
  Melee: Unarmed           |    62 |       ||    62
         Constrict         |    18 |    16 ||    34
         Tentacles         |    16 |    13 ||    29
         Punch             |     1 |     3 ||     4
         Short sword       |    34 |    58 ||    92
   Cast: Sting             |    14 |       ||    14
         Olgreb's Toxic Ra |       |     5 ||     5
         Mephitic Cloud    |       |     2 ||     2
    Use: Scroll            |       |     6 ||     6
         Potion            |       |     1 ||     1
   Stab: Sleeping          |    12 |     5 ||    17
 Armour: Skin              |     7 |     3 ||    10
  Dodge: Dodged            |    90 |    36 ||   126

Table legend: (Time is in decaauts)
 A = Elapsed time spent in this place.
 B = Non-inter-level travel time spent in this place.
 C = Inter-level travel time spent in this place.
 D = Time resting spent in this place.
 E = Time spent auto-exploring this place.
 F = Levels seen in this place.
 G = Mean time per level.
                   A        B        C        D        E       F      G
               +--------+--------+--------+--------+--------+-----+--------+
         Total |   2270 |   2210 |     60 |      0 |   1562 |   4 |  567.5 |
       Dungeon |   2078 |   2018 |     60 |      0 |   1426 |   3 |  692.7 |
         Sewer |    192 |    192 |      0 |      0 |    136 |   1 |  192.0 |
               +--------+--------+--------+--------+--------+-----+--------+

Top non-repeatable levels by time:
     D:2: 1001 daAuts
     D:1: 962 daAuts
   Sewer: 192 daAuts
     D:3: 113 daAuts
